 Dungeon Crawl Stone Soup version 0.28.0-53-g5a82cb258f (webtiles) character file.

Game seed: 18353490306755947983

24235 pkoi the Spear-Bearer (level 12, -9/96 HPs)
             Began as a Demigod Fire Elementalist on June 1, 2022.
             Mangled by a merfolk
             ... wielding a +0 trident
              (18 damage)
             ... on level 2 of the Lair of Beasts on June 2, 2022.
             The game lasted 00:37:15 (26652 turns).

pkoi the Spear-Bearer (Demigod Fire Elementalist)  Turns: 26652, Time: 00:37:16

Health: -9/96      AC:  9    Str: 12    XL:     12   Next: 44%
Magic:  13/25      EV: 12    Int: 37    God:
Gold:   645        SH:  0    Dex: 14    Spells: 4/23 levels left

rFire   . . .      SeeInvis .   s - +11 demon trident "Utily" {pain, rElec Str+3 Int+4}
rCold   . . .      Faith    .   (no shield)
rNeg    . . .      Spirit   .   d - +0 troll leather armour
rPois   .          Reflect  .   u - +1 helmet
rElec   +          Harm     .   x - scarf {repulsion}
rCorr   +          Rampage  .   (no gloves)
Will    +....                   o - +1 pair of boots
Stlth   ++........              r - amulet of magic regeneration
HPRegen 1.06/turn               b - ring of wizardry
MPRegen 0.59/turn               k - ring of resist corrosion

@: repel missiles
A: high MP 1, forlorn, divine attributes
a: no special abilities


You were on level 2 of the Lair of Beasts.
You visited 3 branches of the dungeon, and saw 15 of its levels.

You collected 645 gold pieces.

Inventory:

Hand Weapons
 s - the +11 demon trident "Utily" (weapon) {pain, rElec Str+3 Int+4}
   (You acquired it on level 4 of the Dungeon)

   In the hands of one skilled in necromantic magic, it inflicts extra damage on
   living creatures.
   Str:       It affects your strength (+3).
   Int:       It affects your intelligence (+4).
   rElec:     It insulates you from electricity.
Missiles
 B - 3 curare-tipped darts
Armour
 a - a +0 robe
 d - a +0 troll leather armour (worn)
 o - a +1 pair of boots (worn)
 t - a +2 hat
 u - a +1 helmet (worn)
 x - a scarf of repulsion (worn)
Magical Staves
 v - a staff of fire
Jewellery
 b - a ring of wizardry (left hand)
 k - a ring of resist corrosion (right hand)
 r - an amulet of magic regeneration (around neck)
Wands
 f - a wand of polymorph (14)
 m - a wand of flame (11)
 n - a wand of charming (8)
 y - a wand of mindburst (4)
Scrolls
 e - 7 scrolls of identify
 g - 2 scrolls of amnesia
 i - 7 scrolls of teleportation
 l - 2 scrolls of fog
 D - a scroll of magic mapping
 F - a scroll of fear
Potions
 c - a potion of brilliance
 h - 7 potions of curing
 j - 5 potions of flight
 p - 2 potions of berserk rage
 q - a potion of heal wounds
 w - 2 potions of resistance
 z - 4 potions of ambrosia
 A - a potion of invisibility
 C - a potion of cancellation
 E - a potion of might


   Skills:
 - Level 6.0 Fighting
 - Level 9.5 Polearms
 - Level 6.0 Armour
 - Level 3.0 Dodging
 - Level 3.0 Stealth
 - Level 6.0 Spellcasting
 + Level 9.5 Conjurations
 + Level 4.3 Hexes
 - Level 3.0 Necromancy
 + Level 4.3 Translocations
 + Level 6.8 Fire Magic
 - Level 3.0 Evocations


You had 4 spell levels left.
You knew the following spells:

 Your Spells              Type           Power      Damage    Failure   Level
a - Foxfire               Conj/Fire      100%       2x1d9     1%          1
b - Scorch                Fire           100%       2d10      1%          2
c - Conjure Flame         Conj/Fire      64%        6-21      1%          3
d - Blink                 Tloc           86%        N/A       1%          2
e - Inner Flame           Hex/Fire       51%        N/A       1%          3
f - Iskenderun's Mystic   Conj/Tloc      58%        2d12      1%          4
g - Fulminant Prism       Conj/Hex       29%        3d14      1%          4

Your spell library contained the following spells:

 Spells                   Type           Power      Damage    Failure   Level
 Lesser Beckoning         Tloc           43%        N/A       1%          3
 Summon Guardian Golem    Hex/Summ       27%        N/A       1%          3
 Tukima's Dance           Hex            43%        N/A       1%          3
 Flame Wave               Conj/Fire      64%        2d12      1%          4
 Cause Fear               Hex            21%        N/A       2%          4
 Passage of Golubria      Tloc           43%        N/A       2%          4
 Anguish                  Hex/Necr       19%        N/A       3%          4
 Manifold Assault         Tloc           43%        N/A       8%          5
 Yara's Violent Unravell  Hex/Tmut       13%        3d7       17%         5
 Orb of Destruction       Conj           34%        9d10      26%         7
 Lee's Rapid Deconstruct  Erth           5%         3d7*      38%         5
 Spellforged Servitor     Conj/Summ      23%        N/A       86%         7
 Enfeeble                 Hex            21%        N/A       89%         7
 Discord                  Hex            21%        N/A       100%        8


Dungeon Overview and Level Annotations

Branches:
Dungeon (12/15)            Temple (1/1) D:5            Lair (2/6) D:11
    Orc (0/2) D:10
  Swamp: Lair:2-4    Shoals: Lair:2-4     Snake: Lair:2-4    Spider: Lair:2-4

Shops:
D:2 =   D:6 *   D:7 ?   D:8 :

Annotations:
D:7 3 runed translucent doors, Scoutboy87's ghost, novice MiFi


Innate Abilities, Weirdness & Mutations

You have an increased reservoir of magic. (+10% MP)
You shall have no god before yourself.
Your divine heritage dramatically boosts your attributes as you level up.


Message History

Aim: a merfolk, wielding a +1 trident of distortion and quivering boomerangs (heavily wounded, chance to affect: 84%)
The merfolk is filled with an inner flame.
The merfolk hits you from afar with a +1 trident of distortion.
* * * LOW HITPOINT WARNING * * *
Space warps around you.
* * * LOW HITPOINT WARNING * * *
Reach: s) +11 demon trident "Utily" {pain, rElec Str+3 Int+4}
Press: ? - help, Dir - move target, f/p - merfolk
Aim: a merfolk, wielding a +1 trident of distortion and quivering boomerangs (heavily wounded, inner flame, about 31% to evade the +11 demon trident "Utily")
You reach to attack!
You puncture the merfolk!
Flame seeps out of the merfolk.
The merfolk writhes in agony.
Flame seeps out of the merfolk.
The merfolk is severely wounded.
The merfolk hits you from afar with a +0 trident!
* * * LOW HITPOINT WARNING * * *
The merfolk is engulfed in blazing flames.
The merfolk explodes!
The fiery explosion engulfs the merfolk!!
You kill the merfolk!
A merfolk comes into view. It is wielding a +0 trident.
Unknown command.
The merfolk throws a throwing net.
The throwing net closely misses you.
You see here a throwing net.
Casting: Inner Flame (safe; 1% risk of failure)
Confirm with . or Enter, or press ? or * to list all spells.
Aiming: Inner Flame (safe; 1% risk of failure)
Press: ? - help, Dir - move target, f - merfolk
Aim: a merfolk, wielding a +0 trident (chance to affect: 84%)
The merfolk is filled with an inner flame.
Unknown command.
The merfolk is engulfed in blazing flames.
Flame seeps out of the merfolk.
Casting: Inner Flame (safe; 1% risk of failure)
Confirm with . or Enter, or press ? or * to list all spells.
Flames lash the merfolk.
Flame seeps out of the merfolk.
The merfolk is moderately wounded.
The merfolk's fire resistance burns away.
The merfolk is engulfed in blazing flames.
Flame seeps out of the merfolk.
The merfolk hits you from afar with a +0 trident!!
You die...

...##..#P.#.....###...###.....#..
...#...........##......##[.....#.
...##....# ............##.....##.
.........#.....##.......# .
...#.....#..... #......##
...#......P.... #......#
...#........... ##.#.###
..........+....####..P#
....####†##.....@.m(..# ....#
.##...........# .......
............☼§#
....................§))§.#
.....................§§###
....##+#P.#......#.P..... ...##
##......#..#..P... ...#
#P.....##...#..... .... ......
..........


You could see a merfolk (inner flame, combustible).

Vanquished Creatures
  Gastronok (D:8)
  Josephine (D:11)
  Fannar (D:10)
  2 hydras (Lair:1)
  6 two-headed ogres
  Sonja (D:10)
  A cyclops (D:11)
  Maurice (D:11)
  2 black mambas
  A gargoyle (D:11)
  3 cane toads
  8 komodo dragons
  2 trolls
  2 burning bushes (Lair:2)
  3 merfolk (Lair:2)
  4 blink frogs
  3 wyverns
  12 yaks
  A wraith (D:11)
  A vampire (D:11)
  A basilisk (Lair:1)
  A steam dragon (D:8)
  2 vampire mosquitoes (D:11)
  An acid dragon (D:8)
  8 water moccasins
  2 sky beasts
  A hornet zombie (D:9)
  An ice beast (D:5)
  2 black bears
  6 orc warriors
  5 centaurs
  3 ogres
  A necrophage (D:5)
  2 phantoms
  A kobold brigand (D:8)
  13 bullfrogs
  3 gnoll sergeants
  A water moccasin skeleton (D:5)
  7 killer bees
  3 wights (D:7)
  9 howler monkeys
  3 centaur zombies
  2 jellies
  2 bullfrog zombies
  A gnoll shaman (D:8)
  8 orc priests
  A hound (D:7)
  A centaur skeleton (D:4)
  4 iguanas
  13 orc wizards
  4 killer bee zombies
  2 hound skeletons
  A howler monkey zombie (D:10)
  Robin (D:4)
  16 gnolls
  A howler monkey skeleton (D:6)
  3 adders
  A white imp (D:5)
  An ufetubus (D:6)
  3 worms
  4 dart slugs
  44 orcs
  6 bats
  4 endoplasms
  10 giant cockroaches
  10 goblins
  12 hobgoblins
  3 quokkas
  7 ball pythons
  A frilled lizard (D:2)
  6 kobolds
  6 rats
310 creatures vanquished.

Vanquished Creatures (collateral kills)
  2 killer bees (D:9)
2 creatures vanquished.

Vanquished Creatures (others)
  2 killer bees (D:9)
  An orc wizard (D:6)
  823 foxfires
  12 fulminant prisms
  7 fungi
  42 plants
887 creatures vanquished.

Grand Total: 1199 creatures vanquished

Notes
Turn   | Place    | Note
-------+----------+-------------------------------------------
     0 | D:1      | pkoi the Demigod Fire Elementalist began the quest for the
                  | Orb.
     0 | D:1      | Reached XP level 1. HP: 14/14 MP: 5/5
    20 | D:1      | Reached skill level 1 in Conjurations
   752 | D:1      | Reached XP level 2. HP: 20/20 MP: 4/7
  1670 | D:2      | Learned a level 2 spell: Scorch
  1875 | D:2      | Reached XP level 3. HP: 26/26 MP: 5/9
  2098 | D:2      | Found Pyllouro's Jewellery Boutique.
  3000 | D:3      | Learned a level 3 spell: Conjure Flame
  3481 | D:3      | Reached XP level 4. HP: 19/33 MP: 7/10
  4462 | D:4      | Noticed Robin
  4863 | D:4      | Killed Robin
  4864 | D:4      | Reached XP level 5. HP: 38/38 MP: 7/12
  5442 | D:4      | Noticed a black bear
  5461 | D:4      | Killed a black bear
  5550 | D:4      | Reached XP level 6. HP: 45/45 MP: 6/13
  5716 | D:4      | Identified a scroll of acquirement
  5716 | D:4      | Acquired the +11 demon trident "Utily" {pain, rElec Str+3
                  | Int+4}
  5764 | D:4      | Reached skill level 5 in Fire Magic
  5843 | D:4      | You fall into a shaft and drop 2 floors!
  5920 | D:6      | Learned a level 2 spell: Blink
  5924 | D:6      | Learned a level 3 spell: Inner Flame
  6006 | D:6      | Noticed a water moccasin
  6012 | D:6      | Killed a water moccasin
  6013 | D:6      | Reached skill level 1 in Fighting
  6013 | D:6      | Reached skill level 1 in Polearms
  6013 | D:6      | Reached skill level 1 in Armour
  6013 | D:6      | Reached skill level 1 in Necromancy
  6041 | D:6      | Reached XP level 7. HP: 52/52 MP: 3/14
  6140 | D:6      | Reached skill level 1 in Evocations
  6345 | D:6      | Reached skill level 1 in Translocations
  6609 | D:6      | Found Worihok's Assorted Antiques.
  6674 | D:6      | Noticed a shadow
  6687 | D:5      | Entered Level 5 of the Dungeon
  7394 | D:5      | Found a staircase to the Ecumenical Temple.
  7425 | D:5      | Reached XP level 8. HP: 57/61 MP: 5/15
  7974 | Temple   | Entered the Ecumenical Temple
  8852 | D:5      | Found the +8 woodcutter's axe {vorpal}
  9735 | D:6      | Reached skill level 1 in Hexes
 10717 | D:7      | Reached XP level 9. HP: 46/69 MP: 6/16
 11716 | D:7      | Found a runed translucent gate.
 11721 | D:7      | Found a runed translucent gate.
 11721 | D:7      | Found a runed translucent gate.
 11726 | D:7      | Noticed Scoutboy87's ghost (novice MiFi)
 12050 | D:7      | Found Qoluk's Magic Scroll Boutique.
 12891 | D:8      | Found Jeahac's Book Shop.
 14209 | D:8      | Reached skill level 5 in Conjurations
 14808 | D:8      | Noticed Gastronok
 14816 | D:8      | Reached skill level 5 in Polearms
 14839 | D:8      | Killed Gastronok
 14839 | D:8      | HP: 1/69 [spore (43)]
 14840 | D:8      | Reached skill level 5 in Spellcasting
 14840 | D:8      | Reached XP level 10. HP: 1/77 MP: 5/21
 15638 | D:9      | Noticed a two-headed ogre
 15697 | D:9      | Killed a two-headed ogre
 17158 | D:10     | Entered Level 10 of the Dungeon
 17158 | D:10     | Noticed a two-headed ogre
 17169 | D:10     | Killed a two-headed ogre
 17529 | D:10     | Noticed Fannar
 17665 | D:10     | Killed Fannar
 17884 | D:10     | Noticed a two-headed ogre
 17895 | D:10     | Killed a two-headed ogre
 18372 | D:10     | Found a staircase to the Orcish Mines.
 18739 | D:10     | Reached XP level 11. HP: 69/85 MP: 24/24
 19271 | D:10     | Noticed Sonja
 19276 | D:10     | Killed Sonja
 19606 | D:11     | Noticed a two-headed ogre
 19611 | D:11     | Killed a two-headed ogre
 19612 | D:11     | Reached skill level 5 in Fighting
 19612 | D:11     | Noticed Josephine
 19616 | D:11     | Noticed Maurice
 19892 | D:11     | Killed Josephine
 19912 | D:11     | Killed Maurice
 20596 | D:11     | Noticed a two-headed ogre
 20602 | D:11     | Reached skill level 5 in Armour
 20602 | D:11     | Killed a two-headed ogre
 20775 | D:11     | Learned a level 4 spell: Iskenderun's Mystic Blast
 20837 | D:11     | Found a staircase to the Lair.
 21572 | D:11     | Noticed a two-headed ogre
 21723 | D:11     | Killed a two-headed ogre
 21951 | D:11     | Learned a level 4 spell: Fulminant Prism
 22277 | Lair:1   | Entered Level 1 of the Lair of Beasts
 22743 | Lair:1   | Noticed an eight-headed hydra
 23046 | Lair:1   | Killed an eight-headed hydra
 23715 | Lair:1   | Noticed a five-headed hydra
 23721 | Lair:1   | Killed a five-headed hydra
 23722 | Lair:1   | Reached XP level 12. HP: 62/96 MP: 12/25
 26646 | Lair:2   | HP: 3/96 [merfolk/+0 trident (12)]
 26652 | Lair:2   | Mangled by a merfolk

Illustrated notes

Levels and vault maps discovered:
D:1:      saegor_arrival_simple_d, layout_rooms,
          hellmonk_ecumenical_altar_run_dry
D:2:      minmay_roachtagon, layout_basic, serial_shops, shop,
          nrook_mini_backslash, chequers_garden
D:3:      layout_loops_cross, old_standard_altar
D:4:      layout_basic, old_standard_altar, chequers_decorated_corner,
          uniq_robin
D:5:      layout_loops_cross, nicolae_overflow_crystal_walls, temple_statues
D:6:      layout_basic, riverfiend_overflow_shadow_ancestor, serial_shops,
          shop_statue, glass_columns_c, hex_tiny, kennysheep_diamond,
          kennysheep_pointless_box
D:7:      layout_rooms, old_standard_altar, nicolae_overflow_hidden_temple,
          ebering_ghost_rock_garden, serial_shops, nicolae_take_the_stairs,
          sigmund_army
D:8:      layout_loops_ring, overflow_temple_1_default, serial_shops, shop,
          minmay_circle_x, uniq_gastronok
D:9:      layout_irregular_city, old_standard_altar, dk_vineyard_1
D:10:     layout_basic, orc_0_dummy, uniq_fannar, uniq_sonja
D:11:     layout_roguey, david_lair_shrubbed, hex_medium, nrook_loot_triangle,
          st_stairs_7, minmay_misc_feat_rugged, nicolae_water_bricks,
          uniq_josephine, uniq_maurice
D:12:     layout_basic
Temple:   pf_slime_end_temple
Lair:1:   layout_cave_pods, chequers_serial_rivers_micro_e, beast_lair_carwin_1
Lair:2:   layout_regular_city, elwin_shoals_entry_stream, evilmike_ambush
          [evilmike_ambush_outer_basic, evilmike_ambush_inner_pond]

Skill      XL: |  1  2  3  4  5  6  7  8  9 10 11 12 |
---------------+-------------------------------------+-----
Conjurations   | 1 2 3 5 7 9 |  9.5
Spellcasting   | 2 3 5 6 |  6.0
Fire Magic     | 3 4 5 6 |  6.8
Dodging        | 2 3 |  3.0
Fighting       | 1 2 3 4 6 |  6.0
Polearms       | 1 2 3 5 6 8 9 |  9.5
Armour         | 1 2 3 6 |  6.0
Stealth        | 2 3 |  3.0
Necromancy     | 1 2 3 |  3.0
Evocations     | 1 3 |  3.0
Translocations | 1 2 3 4 |  4.3
Hexes          | 1 3 4 |  4.3

Action                   |  1- 3 |  4- 6 |  7- 9 | 10-12 || total
-------------------------+-------+-------+-------+-------++-------
Melee: Whip              |     3 |       |       |       ||     3
       Dagger            |       |     1 |       |       ||     1
       Demon trident     |       |    18 |    98 |   135 ||   251
       Punch             |       |       |       |     2 ||     2
 Cast: Foxfire           |   143 |    36 |   168 |   133 ||   480
       Scorch            |       |    26 |     1 |    54 ||    81
       Inner Flame       |       |       |    42 |    65 ||   107
       Conjure Flame     |       |       |    19 |    16 ||    35
       Blink             |       |       |     5 |       ||     5
       Iskenderun's Myst |       |       |       |    29 ||    29
       Fulminant Prism   |       |       |       |    12 ||    12
Evoke: Wand              |       |     1 |       |     2 ||     3
  Use: Scroll            |     1 |     2 |    15 |     8 ||    26
 Stab: Sleeping          |       |     2 |     3 |     3 ||     8
       Distracted        |       |       |     1 |       ||     1
Armor: Robe              |     7 |     9 |    16 |    10 ||    42
       Troll leather arm |       |       |       |    42 ||    42
Dodge: Dodged            |    31 |    26 |    67 |   137 ||   261
       Repelled          |       |       |       |     5 ||     5
